 Dungeon Crawl Stone Soup version 0.28.0-53-g5a82cb258f (webtiles) character file.

Game seed: 7349445770360523365

49 Plasmagod the Covered (level 3, 0/33 HPs)
             Began as a Minotaur Fighter on July 12, 2022.
             Was a Follower of Trog.
             Slain by a water moccasin (5 damage)
             ... on level 2 of the Dungeon.
             The game lasted 00:04:23 (1394 turns).

Plasmagod the Covered (Minotaur Fighter)            Turns: 1394, Time: 00:04:25

Health: 0/33       AC:  3    Str: 24    XL:     3   Next: 53%
Magic:  2/2        EV: 11    Int:  5    God:    Trog [*.....]
Gold:   97         SH:  5    Dex: 18    Spells: 2/2 levels left

rFire   . . .      SeeInvis .   i - +4 dagger
rCold   . . .      Faith    .   c - +0 buckler
rNeg    . . .      Spirit   .   o - +1 robe of Ontiq {Str+2 Dex+3}
rPois   .          Reflect  .   (helmet restricted)
rElec   .          Harm     .   (no cloak)
rCorr   .          Rampage  .   (no gloves)
Will    .....                   (no boots)
Stlth   ++........              (no amulet)
HPRegen 0.11/turn               j - +6 ring of dexterity
MPRegen 0.08/turn               (no ring)

@: lethally poisoned (0 -> -17)
A: horns 2, retaliatory headbutt
a: Renounce Religion, Berserk


You were on level 2 of the Dungeon.
You worshipped Trog.
Trog was aware of your devotion.
You visited 1 branch of the dungeon, and saw 3 of its levels.

You collected 97 gold pieces.

Inventory:

Hand Weapons
 a - a +0 long sword
 i - a +4 dagger (weapon)
Missiles
 q - 4 javelins (quivered)
Armour
 b - a +0 scale mail
 c - a +0 buckler (worn)
 o - the +1 robe of Ontiq (worn) {Str+2 Dex+3}
   (You found it on level 2 of the Dungeon)

   Str:       It affects your strength (+2).
   Dex:       It affects your dexterity (+3).
Jewellery
 j - a +6 ring of dexterity (left hand)
Scrolls
 e - a scroll of summoning {unknown}
 f - a scroll of vulnerability {unknown}
 g - a scroll of identify {unknown}
 k - a scroll of silence {unknown}
 l - a scroll of enchant weapon {unknown}
 n - a scroll of teleportation {unknown}
 p - a scroll of holy word {unknown}
Potions
 d - a potion of might
 h - 3 potions of brilliance {unknown}
 m - a potion of flight {unknown}
 r - a potion of ambrosia {unknown}


   Skills:
 + Level 4.0 Fighting
 + Level 3.1 Long Blades
 + Level 4.1 Armour
 * Level 1.2 Dodging
 + Level 4.1 Shields


You had 2 spell levels left.
You didn't know any spells.
Your spell library contained the following spells:

 Spells                   Type           Power      Damage    Failure   Level
 Inner Flame              Hex/Fire       0%         N/A       90%         3
 Anguish                  Hex/Necr       0%         N/A       100%        4
 Fireball                 Conj/Fire      0%         3d3       100%        5
 Haunt                    Necr/Summ      0%         N/A       100%        7


Dungeon Overview and Level Annotations

Branches:
Dungeon (3/15)

Altars:
Trog


Innate Abilities, Weirdness & Mutations

You have a pair of horns on your head.
You reflexively headbutt those who attack you in melee.


Message History

The water moccasin closely misses you. The water moccasin barely misses you.
You completely miss the water moccasin.
The water moccasin completely misses you.
You barely miss the water moccasin. You block the water moccasin's attack.
You miss the water moccasin.
The frilled lizard hisses angrily.
The water moccasin misses you. The water moccasin bites you.
You hit the water moccasin.
The water moccasin is lightly wounded.
The water moccasin misses you.
You hit the water moccasin.
The water moccasin is moderately wounded.
The water moccasin bites you. x2
The water moccasin bites you.
You are poisoned.
The water moccasin poisons you!
There is a stone staircase leading up here.
You feel very sick.
The water moccasin bites you but does no damage.
You block the frilled lizard's attack. The water moccasin barely misses you.
You climb upwards.
You feel very sick.
There is a stone staircase leading down here.
You barely miss the water moccasin.
Your headbutt misses the water moccasin.
The water moccasin is moderately wounded.
You feel sick. The water moccasin closely misses you.
You block the frilled lizard's attack.
You barely miss the water moccasin.
The water moccasin is moderately wounded.
You feel sick. The water moccasin misses you.
The frilled lizard bites you but does no damage.
You hit the water moccasin but do no damage.
The water moccasin is moderately wounded.
You feel sick. The water moccasin bites you.
* * * LOW HITPOINT WARNING * * *
You are lethally poisoned!
The water moccasin poisons you! The frilled lizard closely misses you.
The water moccasin bites you.
You die...

#................#..##
#.......#####.##......
#.##.##.# #.####..#.
#.##.<..# #..<....#)
#.####..# #......###
#.###>..# ##########
#.......###.......##
###.......#....###.###
##..@....#....###....
####..l.S...#..(..##..#.
#...................#...
#.#######+#######.###.P≈
#.# #.# #.###... #.#
#####.##### #.....≈. #.#
#...'.'...# #.###.⌠. #.#
#.###.###.# #.# #.⌠. #.#
#.# #.# #.# #.# #.⌠.


You could see a water moccasin and a frilled lizard.

Vanquished Creatures
  A worm (D:2)
  2 dart slugs (D:2)
  2 ball pythons
  5 endoplasms
  4 giant cockroaches (D:1)
  5 goblins
  3 hobgoblins (D:1)
  2 kobolds (D:2)
  7 bats
  2 frilled lizards (D:1)
  6 rats
39 creatures vanquished.

Notes
Turn   | Place    | Note
-------+----------+-------------------------------------------
     0 | D:1      | Plasmagod the Minotaur Fighter began the quest for the Orb.
     0 | D:1      | Reached XP level 1. HP: 19/19 MP: 0/0
   177 | D:1      | Reached XP level 2. HP: 19/26 MP: 1/1
   468 | D:1      | Got the Catalogue of Evil and Fire
   554 | D:1      | Reached skill level 1 in Dodging
   554 | D:1      | Reached XP level 3. HP: 33/33 MP: 2/2
   842 | D:2      | Identified the +1 robe of Ontiq {Str+2 Dex+3}
   894 | D:2      | Found a faded altar of an unknown god.
   898 | D:2      | Prayed at the altar of an unknown god.
   898 | D:2      | Became a worshipper of Trog the Wrathful
   898 | D:2      | Reached * piety under Trog
  1379 | D:3      | Noticed a water moccasin
  1394 | D:2      | Slain by a water moccasin

Illustrated notes

Levels and vault maps discovered:
D:1:      dpeg_arrival_court, layout_rooms
D:2:      layout_loops_cross, shapermc_ecumenical_altar_acropolis,
          minmay_door_square, kennysheep_generic_room_16
D:3:      layout_rooms

Skill      XL: |  1  2  3 |
---------------+----------+-----
Armour         | 4 |  4.1
Shields        | 4 |  4.1
Dodging        | 1 |  1.2
Long Blades    | 3 |  3.1
Fighting       | 4 |  4.0

Action                   || total
-------------------------++-------
Melee: Long sword        ||    43
       Headbutt          ||     7
       Dagger            ||    52
 Stab: Sleeping          ||     2
Armor: Scale mail        ||    32
       Robe              ||     2
Dodge: Dodged            ||    43
Block: Buckler           ||    24
